 Dungeon Crawl Stone Soup version 0.30-a0-591-g3c58d2bc28 (webtiles) character file.

Game seed: 7371599961166309803

40 sokol815 the Chopper (level 3, 0/26 HPs)
             Began as an Octopode Fighter on Jan 6, 2023.
             Slain by a hobgoblin (4 damage)
             ... led by Robin
             ... on level 2 of the Dungeon.
             The game lasted 00:01:37 (909 turns).

sokol815 the Chopper (Octopode Fighter)              Turns: 909, Time: 00:01:37

Health: 0/26       AC:  8    Str: 15    XL:     3   Next: 50%
Magic:  3/3        EV: 13    Int: 12    God:
Gold:   39         SH:  4    Dex: 11    Spells: 2/2 levels left

rFire   . . .      SeeInvis .    e - +0 mace (protect)
rCold   . . .      Faith    .    b - +0 buckler
rNeg    . . .      Spirit   .    (helmet restricted)
rPois   .          Reflect  .    (no amulet)
rElec   .          Harm     .    (no ring)
rCorr   .          Rampage  .    (no ring)
Will    .....                    (no ring)
Stlth   ++                       (no ring)
HPRegen 0.24/turn                (no ring)
MPRegen 0.08/turn                (no ring)
                                 (no ring)
                                 (no ring)

@: lethally poisoned (0 -> -10), under a protective aura
A: almost no armour, amphibious, 8 rings, camouflage 1, gelatinous body 1,
(nimble swimmer 1), tentacles
a: no special abilities


You were on level 2 of the Dungeon.
You visited 1 branch of the dungeon, and saw 2 of its levels.

You collected 39 gold pieces.

Inventory:

Hand Weapons
 a - a +0 war axe
 e - a +0 mace of protection (weapon)
   (You found it on level 1 of the Dungeon)
Armour
 b - a +0 buckler (worn)
Jewellery
 I - a +6 ring of intelligence
   (You found it on level 1 of the Dungeon)
Scrolls
 f - a scroll of teleportation {unknown}
Potions
 c - a potion of heal wounds {unknown}
 d - a potion of ambrosia {unknown}
 M - a potion of might


   Skills:
 - Level 3.0 Fighting
 + Level 3.8 Axes
 - Level 3.0 Dodging
 - Level 3.0 Shields


You had 2 spell levels left.
You didn't know any spells.
Your spell library contained the following spells:

 Spells                   Type           Power      Damage    Failure   Level
 Ensorcelled Hibernation  Hex/Ice        0%         N/A       54%         2
 Spider Form              Tmut/Pois      0%         N/A       78%         3
 Anguish                  Hex/Necr       0%         N/A       99%         4


Dungeon Overview and Level Annotations

Branches:
Dungeon (2/15) Zot: 11070

Altars:

Annotations:
D:2 Robin


Innate Abilities, Weirdness & Mutations

You cannot wear most types of armour.
You are amphibious.
You can wear up to eight rings at the same time.
Your skin changes colour to match your surroundings (Stealth+).
Your rubbery body absorbs attacks. (AC +1, EV +1)
((You are camouflaged when in or above water. (Stealth+)))
You have tentacles for arms and can constrict up to eight enemies at once.


Message History

You constrict the quokka.
You kill the quokka!
No target in view!
No target in view!
Things that are here:
a quokka corpse; a jackal corpse
Found a stone staircase leading down.
Health restored: 26 A jackal comes into view.
There is a stone staircase leading down here.
A jackal comes into view.
The helpless jackal fails to defend itself.
You thump the jackal!
Your weapon exudes an aura of protection.
You kill the jackal!
The helpless jackal fails to defend itself.
You sock the jackal!
You kill the jackal!
No target in view!
f - a scroll labelled HIULIL XICZO
Okay, then.
A hobgoblin and a goblin come into view.
The hobgoblin shouts!
You hear a shout! x2
The goblin moves out of view.
A hobgoblin comes into view.
A goblin comes into view. It is wielding a +0 dagger.
The goblin shouts!
You hear a shout!
The hobgoblin shouts!
A hobgoblin comes into view.
A goblin comes into view. It is wielding a +2 dagger of venom.
The goblin shouts!
Robin and a goblin come into view.
Found a stone staircase leading up.
The goblin shouts!
The hobgoblin shouts!
You hear a shout!
A hobgoblin comes into view.
The hobgoblin hits you.
Robin roars a battlecry!
The goblins go into a battle-frenzy!
You take 2 damage, and have 24/26 hp.
You sock the hobgoblin!
Your weapon exudes an aura of protection.
You kill the hobgoblin!
A hobgoblin comes into view.
A hobgoblin comes into view.
A goblin comes into view. It is wielding a +0 dagger.
The goblin shouts!
You sock the goblin!
You kill the goblin!
The hobgoblin barely misses you.
You thump the goblin!
You kill the goblin!
The hobgoblin hits you but does no damage.
The hobgoblin closely misses you. The hobgoblin misses you. x2
Robin says, "My army is invincible!"
The hobgoblin hits you but does no damage.
The goblin attacks as you move away! The goblin hits you but does no damage.
Health restored: 26 You hit the goblin.
You kill the goblin!
You thump the hobgoblin!
You kill the hobgoblin!
The hobgoblin closely misses you.
You hit the hobgoblin. You grab the hobgoblin. You constrict the hobgoblin.
The hobgoblin hits you but does no damage.
You hit the hobgoblin.
You kill the hobgoblin!
The hobgoblin no longer looks unusually strong.
You closely miss the goblin. You grab the goblin. You constrict the goblin.
The goblin closely misses you.
The goblin hits you with a +2 dagger of venom!
You are poisoned.
You take 7 damage, and have 19/26 hp.
MASSIVE DAMAGE!!
You release your grip on the goblin.
You feel very sick.
The goblin no longer looks unusually strong.
Robin throws the goblin at you!
You take 3 damage, and have 16/26 hp.
You hit the goblin. Your grab misses the goblin.
You feel very sick. The goblin closely misses you.
You take 3 damage, and have 13/26 hp.
You closely miss the hobgoblin. You grab the hobgoblin.
You constrict the hobgoblin.
You feel sick.
The hobgoblin no longer looks unusually strong.
The goblin hits you but does no damage. x2
You are lethally poisoned!
You block the hobgoblin's attack.
You take 2 damage, and have 11/26 hp.
Unknown command.
You sock the goblin!
You kill the goblin!
You constrict the hobgoblin.
You kill the hobgoblin!
* * * LOW HITPOINT WARNING * * *
You feel very sick.
The goblin no longer looks unusually strong.
The goblin hits you with a +0 dagger.
* * * LOW HITPOINT WARNING * * *
The goblin closely misses you. The hobgoblin hits you.
You die...

.. ....#.# ..# .###.#.#.#
#.##.# . ....#.#.# #.##.#
...########..#.#.# #.##.#
...ggg)...#....#.#####.##.#
#<.g.g$..g....##.#......#.#
#.#######)#..........>..#.#
#g##.###.#.####.#.#
#)@.........#.....<
#.g#........#.#.###
#......#....#.#.#..
##.###.#....#.#.#.# ...#
#.#....#.#.#.# ####
#......#.#.#.#
###....#...... ....#......
#......


You could see Robin, a hobgoblin and a goblin.

Vanquished Creatures
  2 ball pythons (D:1)
  5 bats
  2 endoplasms (D:1)
  A giant cockroach (D:1)
  7 goblins
  5 hobgoblins
  5 jackals (D:2)
  3 quokkas
  2 kobolds (D:1)
  2 rats (D:1)
34 creatures vanquished.

Notes
Turn   | Place    | Note
-------+----------+-------------------------------------------
     0 | D:1      | sokol815 the Octopode Fighter began the quest for the Orb.
     0 | D:1      | Reached XP level 1. HP: 16/16 MP: 1/1
   339 | D:1      | Reached XP level 2. HP: 19/21 MP: 2/2
   433 | D:1      | Reached skill level 3 in Axes
   842 | D:2      | Reached XP level 3. HP: 26/26 MP: 3/3
   893 | D:2      | Noticed Robin
   909 | D:2      | HP: 6/26 [poisoned by a goblin]
   909 | D:2      | Slain by a hobgoblin

Illustrated notes

Levels and vault maps discovered:
D:1:      nicolae_arrival_somewhat_less_tricky_arrival, layout_basic
D:2:      layout_basic, dreamdust_ecumenical_altar_statues,
          kennysheep_generic_room_15, uniq_robin

Skill      XL: |  1  2 |
---------------+-------+-----
Axes           | 3 |  3.8
Fighting       | |  3.0
Dodging        | |  3.0
Shields        | |  3.0

Action                   || total
-------------------------++-------
Melee: War axe           ||    27
       Tentacles         ||     8
       Constrict         ||     9
       Mace              ||    25
Throw: Stone             ||     6
 Stab: Sleeping          ||     6
Armor: Skin              ||    10
Dodge: Dodged            ||    30
Block: Buckler           ||     8

Table legend: (Time is in decaauts)
 A = Elapsed time spent in this place.
 B = Non-inter-level travel time spent in this place.
 C = Inter-level travel time spent in this place.
 D = Time resting spent in this place.
 E = Time spent auto-exploring this place.
 F = Levels seen in this place.
 G = Mean time per level.
                   A        B        C        D        E       F      G
               +--------+--------+--------+--------+--------+-----+--------+
         Total |    928 |    891 |     37 |      0 |    732 |   2 |  464.0 |
       Dungeon |    928 |    891 |     37 |      0 |    732 |   2 |  464.0 |
               +--------+--------+--------+--------+--------+-----+--------+

Top non-repeatable levels by time:
     D:1: 849 daAuts
     D:2: 79 daAuts

Table legend:
 A = Kills in this place as a percentage of kills in entire the game.
 B = Kills by you in this place as a percentage of kills by you in the entire game.
 C = Kills by friends in this place as a percentage of kills by friends in the entire game.
 D = Other kills in this place as a percentage of other kills in the entire game.
 E = Experience gained in this place as a percentage of experience gained in the entire game.
 F = Experience gained in this place divided by the number of levels of this place that you have seen.
                   A       B       C       D       E      F
               +-------+-------+-------+-------+-------+----------------------
         Total | 100.0 | 100.0 |   N/A |   N/A | 100.0 |  31.0
       Dungeon | 100.0 | 100.0 |   N/A |   N/A | 100.0 |  31.0
               +-------+-------+-------+-------+-------+----------------------
